 Dungeon Crawl Stone Soup version 0.30.1-9-gdf580d7c3d (webtiles) character file.

Game seed: 18115501040287250947

228 Peloso the Covered (level 5, -2/47 HPs)
             Began as a Minotaur Fighter on Sept 28, 2023.
             Slain by an orc warrior
             ... wielding a +0 short sword
              (12 damage)
             ... on level 3 of the Dungeon.
             The game lasted 00:04:46 (2891 turns).

Peloso the Covered (Minotaur Fighter)               Turns: 2891, Time: 00:04:46

Health: -2/47      AC: 11    Str: 21    XL:     5   Next: 71%
Magic:  4/4        EV:  8    Int:  5    God:
Gold:   127        SH:  6    Dex: 11    Spells: 4/4 levels left

rFire   . . .        a - +0 long sword
rCold   . . .        d - +2 buckler
rNeg    . . .        s - +0 chain mail
rPois   .            (helmet restricted)
rElec   .            (no cloak)
rCorr   .            (no gloves)
SInv    .            c - +0 pair of boots
Will    .....        (no amulet) Stlth
                     (no ring)
HPRegen 0.27/turn    (no ring)
MPRegen 0.09/turn

%: no passive effects
@: mighty
A: horns 2, retaliatory headbutt
a: no special abilities


You were on level 3 of the Dungeon.
You visited 1 branch of the dungeon, and saw 4 of its levels.

You collected 127 gold pieces.

Inventory:

Hand Weapons
 a - a +0 long sword (weapon)
Armour
 b - a +0 scale mail
 c - a +0 pair of boots (worn)
 d - a +2 buckler (worn)
 s - a +0 chain mail (worn)
Scrolls
 e - a scroll of poison {unknown}
 g - a scroll of enchant armour {unknown}
 i - a scroll of vulnerability {unknown}
 k - 3 scrolls of identify {unknown}
 l - a scroll of noise {unknown}
 m - a scroll of teleportation {unknown}
 p - 3 scrolls of magic mapping {unknown}
 q - 2 scrolls of blinking {unknown}
 t - a scroll of fog {unknown}
 u - a scroll of fear {unknown}
 v - a scroll of immolation {unknown}
Potions
 f - 2 potions of flight
 h - 2 potions of curing
 j - a potion of might
 n - 2 potions of ambrosia {unknown}
 o - a potion of attraction {unknown}
 r - a potion of resistance {unknown}


   Skills:
 + Level 4.8 Fighting
 + Level 4.6 Long Blades
 + Level 5.5 Armour
 + Level 0.7 Dodging
 + Level 3.9 Shields


You had 4 spell levels left.
You didn't know any spells.
Your spell library was empty.

Dungeon Overview and Level Annotations

Branches:
Dungeon (4/15)
 Temple: D:4-7

Altars:
Gozag
Ru
Zin

Annotations:
D:3 3 runed translucent doors, Ivernyr's ghost, amateur OgGl


Innate Abilities, Weirdness & Mutations

You have a pair of horns on your head.
You reflexively headbutt those who attack you in melee.


Message History

You hit the orc wizard.
The orc wizard is severely wounded.
The orc wizard hits you but does no damage.
You hit the orc wizard.
The orc wizard is severely wounded.
The orc wizard hits you with a +0 dagger.
The orc warrior shoots a bolt.
The bolt hits you!
The orc wizard hits you but does no damage.
You hit the orc wizard.
You kill the orc wizard!
The orc warrior shoots a bolt.
You block the bolt.
The orc warrior shoots a bolt.
The bolt barely misses you.
The orc warrior shoots a bolt.
The bolt hits you!
There is a stone staircase leading up here.
The orc warrior unwields a +0 arbalest.
The orc warrior wields a +0 short sword.
The orc warrior hits you with a +0 short sword.
* * * LOW HITPOINT WARNING * * *
You climb upwards.
Level annotation: 3 runed translucent doors, Ivernyr's ghost, amateur OgGl
There is a stone staircase leading down, spattered with blood here.
Things that are here:
a +0 robe; a +0 dagger; an orc corpse You feel very mighty all of a sudden.
You closely miss the orc warrior. You headbutt the orc warrior!
The orc warrior is heavily wounded.
The orc warrior closely misses you.
You barely miss the orc warrior.
The orc warrior is heavily wounded.
You block the orc warrior's attack.
The orc warrior hits you with a +0 short sword.
* * * LOW HITPOINT WARNING * * *
You completely miss the orc warrior. Your headbutt misses the orc warrior.
The orc warrior is heavily wounded.
The orc warrior hits you with a +0 short sword.
* * * LOW HITPOINT WARNING * * *
You hit the orc warrior but do no damage.
The orc warrior is heavily wounded.
The orc warrior hits you with a +0 short sword!
You die...

............# #.#.#
............# #.#.#
#####'#.....####.#.#
#.....#.......##.#.#
#.###8#.....#.##.#.#
#.#P..#.....#.##.#.#
#.#.#.##....#.##.#.#
#.'.#.P##...#....#.#
#####._.########@o.#
....##..#.'P# #####
###.###.#.#.#
#.###P.P#.#
#..##8###.#
##..#.....#
##.#'##### #...#
#####


You could see an orc warrior.

Vanquished Creatures
  A lemure (D:3)
  An orc priest (D:2)
  3 orc wizards
  2 gnolls (D:1)
  3 adders
  A worm (D:2)
  8 orcs
  6 endoplasms
  2 giant cockroaches (D:1)
  9 goblins
  A hobgoblin (D:3)
  4 jackals (D:2)
  A quokka (D:2)
  5 ball pythons
  13 bats
  4 frilled lizards
  A kobold (D:1)
  6 rats
71 creatures vanquished.

Notes
Turn   | Place    | Note
-------+----------+-------------------------------------------
     0 | D:1      | Peloso the Minotaur Fighter began the quest for the Orb.
     0 | D:1      | Reached XP level 1. HP: 19/19 MP: 0/0
    51 | D:1      | Reached skill level 4 in Armour
    51 | D:1      | Reached XP level 2. HP: 15/27 MP: 1/1
   184 | D:1      | You fall into a shaft and drop 1 floor!
   419 | D:2      | Reached XP level 3. HP: 33/33 MP: 2/2
  1044 | D:2      | Found a sacrificial altar of Ru.
  1226 | D:1      | Reached XP level 4. HP: 40/40 MP: 3/3
  1951 | D:3      | Found a sacrificial altar of Ru.
  1969 | D:3      | Found a glowing silver altar of Zin.
  2066 | D:3      | Found a runed translucent gate.
  2107 | D:3      | Reached skill level 5 in Armour
  2153 | D:3      | Found a runed translucent gate.
  2153 | D:3      | Found a runed translucent gate.
  2154 | D:3      | Found an opulent altar of Gozag.
  2155 | D:3      | Noticed Ivernyr's ghost (amateur OgGl)
  2156 | D:3      | Noticed an ice beast
  2334 | D:2      | Reached XP level 5. HP: 46/47 MP: 4/4
  2534 | D:3      | Found a faded altar of an unknown god.
  2696 | D:4      | Noticed an orc warrior
  2699 | D:4      | Noticed a lemure
  2835 | D:3      | Killed a lemure
  2891 | D:3      | Slain by an orc warrior

Illustrated notes

Levels and vault maps discovered:
D:1:      ldierk_walled_garden_2, layout_basic
D:2:      layout_loops_corners, basic_altar
D:3:      layout_basic, grunt_temple_overflow_open,
          shapermc_ecumenical_altar_ellora, ebering_ghost_gozag
D:4:      layout_rooms, supply_closet_lemuel, corexii_shack, uniq_pikel

Skill      XL: |  1  2  3  4 |
---------------+-------------+-----
Armour         | 4 5 |  5.5
Fighting       | 4 |  4.8
Long Blades    | 3 4 |  4.6
Dodging        | |  0.7
Shields        | |  3.9

Action                     |  1- 3 |  4- 6 || total
---------------------------+-------+-------++-------
  Melee: Long sword        |    72 |    89 ||   161
         Headbutt          |     9 |    14 ||    23
    Use: Potion            |     4 |     1 ||     5
 Armour: Scale mail        |    43 |    22 ||    65
         Chain mail        |       |    25 ||    25
  Dodge: Dodged            |    40 |    35 ||    75
  Block: Buckler           |    18 |    33 ||    51
